AoeStats
← DrStylus27

Arabia

506008119Analyzed
1v1 RM · 21d ago on Sep 12, 2026· 50m 25s· 2 players
Game mode
Random Map
Map size
Tiny (2 player)
Population
200
Speed
Normal
Resources
Standard
Victory
Conquest
Starting age
Dark Age
Ending age
Imperial Age
RankedLock teamsTeams togetherTeam positionsShared explorationLock speedFull tech treeHidden civsTurbo modeCheats
Victory
Defeat
🇨🇴 Malians · Colombia
844
+16
🇬🇧 Magyars · United Kingdom
854
-16
Dinosaurio15
6:41 Loom
9:41 Feudal Age
10:06 Double-Bit Axe
23:04 Castle Age
22:03 Scale Barding Armor
22:53 Fletching
27:59 Gold Mining
30:31 Wheelbarrow
31:27 Bodkin Arrow
32:20 Husbandry
34:48 Pikeman
35:30 Squires
36:53 Hand Cart
36:57 Forging
38:58 Bloodlines
42:34 Chain Barding Armor
44:47 Imperial Age
45:31 Heavy Camel Rider
46:50 Plate Barding Armor
46:51 Iron Casting
48:05 Padded Archer Armor
50:26 Conscription
DrStylus27
9:47 Feudal Age
10:19 Loom
26:33 Castle Age
25:26 Bloodlines
25:29 Scale Barding Armor
27:18 Husbandry
32:01 Pikeman
34:58 Double-Bit Axe
49:02 Chain Barding Armor
Connection lost

Rejoining the realm…

Still unreachable

The connection could not be restored.

Session expired

The server has moved on; the page needs a fresh start.